| TOP OF THE 1ST |
|
San Francisco (APP) Giants batting - Pitching for Grand Junction Rockies : LHP Juan Rivera
|
|
Pitching: LHP Juan Rivera
|
|
|
Batting: RHB Vinny Torres
|
0-0: Foul Ball, location: 2F 0-1: Ball 1-1: Ball 2-1: SOLO HOME RUN (Flyball, 7D, EV 98.1 MPH), Distance : 395 ft
|
|
Batting: RHB Coen Dirks
|
0-0: Called Strike 0-1: Swinging Strike 0-2: Ball 1-2: Ball 2-2: Ball 3-2: Foul Ball, location: 2F 3-2: Foul Ball, location: 2F 3-2: Fly out, F8 (Line Drive, 89S, EV 96.9 MPH)
|
|
Batting: RHB Tsugio Yamaguchi
|
0-0: Swinging Strike 0-1: Ball 1-1: Foul Ball, location: 2F 1-2: Ball 2-2: Ball 3-2: Foul Ball, location: 2F 3-2: Fly out, F7 (Flyball, 7, EV 95.0 MPH)
|
|
Batting: RHB Zach Maguire
|
0-0: Ball 1-0: Swinging Strike 1-1: Ball 2-1: Ball 3-1: Base on Balls
|
|
Batting: RHB Jaime Rios
|
0-0: Ball 1-0: Ball 2-0: Ball 3-0: Base on Balls Zach Maguire to second
|
|
Batting: LHB Dennis Jones
|
0-0: Ball 1-0: Called Strike 1-1: Foul Ball, location: 2F 1-2: Foul Ball, location: 2F 1-2: Ball 2-2: Foul Ball, location: 2F 2-2: Ball 3-2: Strikes out looking
|
| Top of the 1st over - 1 run, 1 hit, 0 errors, 2 left on base; San Francisco (APP) 1 - Grand Junction 0 |
| BOTTOM OF THE 1ST |
|
Grand Junction Rockies batting - Pitching for San Francisco (APP) Giants : RHP Conrad van Gemert
|
|
Pitching: RHP Conrad van Gemert
|
|
|
Batting: RHB Gashie Chimsima
|
0-0: Ball 1-0: Ball 2-0: Ball 3-0: Base on Balls
|
|
Batting: SHB Justin Jackson
|
0-0: Ball 1-0: Ball 2-0: Ball 3-0: Called Strike 3-1: Foul Ball, location: 2F 3-2: Grounds out, U3 (Groundball, 3L, EV 106.9 MPH)
|
|
Batting: RHB Dan Hoffman
|
0-0: Ball 1-0: Called Strike 1-1: Swinging Strike 1-2: Ball 2-2: DOUBLE (Flyball, 8LXD, EV 107.5 MPH) Gashie Chimsima scores
|
|
Batting: LHB Tom Bemis
|
0-0: Called Strike 0-1: Fly out, F8 (Line Drive, 8RD, EV 91.9 MPH)
|
|
Batting: RHB Ryan Ward
|
0-0: Ball 1-0: Foul Ball, location: 2F 1-1: 2-RUN HOME RUN (Flyball, 7LD, EV 92.5 MPH), Distance : 353 ft
|
|
Batting: LHB Georges Lambert
|
0-0: Called Strike 0-1: Ball 1-1: Swinging Strike 1-2: Foul Ball, location: 2F 1-2: Ground out 6-3 (Groundball, 6, EV 86.2 MPH)
|
| Bottom of the 1st over - 3 runs, 2 hits, 0 errors, 0 left on base; San Francisco (APP) 1 - Grand Junction 3 |
| TOP OF THE 2ND |
|
San Francisco (APP) Giants batting - Pitching for Grand Junction Rockies : LHP Juan Rivera
|
|
Batting: RHB Alex Peguero
|
0-0: SINGLE (Line Drive, 34D, EV 110.6 MPH)
|
|
Batting: RHB Noe Oliva
|
0-0: Ball 1-0: Called Strike 1-1: Called Strike 1-2: Ball 2-2: Fly out, F8 (Flyball, 8RM, EV 88.8 MPH)
|
|
Batting: RHB Jonathan Hemsley
|
0-0: Called Strike 0-1: Swinging Strike 0-2: Strikes out looking
|
|
Batting: RHB Vinny Torres
|
0-0: Ground out 1-3 (Groundball, 34S, EV 69.4 MPH)
|
| Top of the 2nd over - 0 runs, 1 hit, 0 errors, 1 left on base; San Francisco (APP) 1 - Grand Junction 3 |
| BOTTOM OF THE 2ND |
|
Grand Junction Rockies batting - Pitching for San Francisco (APP) Giants : RHP Conrad van Gemert
|
|
Batting: RHB Edwin Bejarano
|
0-0: Called Strike 0-1: Ground out 5-3 (Groundball, 56, EV 104.4 MPH)
|
|
Batting: SHB Oscar Barahona
|
0-0: Foul Ball, location: 2F 0-1: Ground out 4-3 (Groundball, 4, EV 101.9 MPH)
|
|
Batting: RHB Tom Gentry
|
0-0: Called Strike 0-1: Ball 1-1: Ball 2-1: Called Strike 2-2: SINGLE (Groundball, 4, EV 94.4 MPH)
|
|
Batting: RHB Gashie Chimsima
|
0-0: Called Strike 0-1: SINGLE (Groundball, 6D, EV 95.6 MPH) Tom Gentry to second
|
|
Batting: SHB Justin Jackson
|
0-0: Ball Wild Pitch! Tom Gentry to third Gashie Chimsima to second 1-0: Ball 2-0: Called Strike 2-1: Ground out 4-3 (Groundball, 4, EV 83.1 MPH)
|
| Bottom of the 2nd over - 0 runs, 2 hits, 0 errors, 2 left on base; San Francisco (APP) 1 - Grand Junction 3 |
| TOP OF THE 3RD |
|
San Francisco (APP) Giants batting - Pitching for Grand Junction Rockies : LHP Juan Rivera
|
|
Batting: RHB Coen Dirks
|
0-0: Called Strike 0-1: SINGLE (Groundball, 34D, EV 98.8 MPH)
|
|
Batting: RHB Tsugio Yamaguchi
|
0-0: Called Strike 0-1: Foul Ball, location: 2F 0-2: Foul Ball, location: 2F 0-2: Strikes out looking
|
|
Batting: RHB Zach Maguire
|
0-0: Called Strike 0-1: Ball 1-1: Ball 2-1: Foul Ball, location: 2F 2-2: Ball 3-2: Base on Balls Coen Dirks to second
|
|
Batting: RHB Jaime Rios
|
0-0: Ball 1-0: 3-RUN HOME RUN (Flyball, 7D, EV 98.1 MPH), Distance : 377 ft
|
|
Batting: LHB Dennis Jones
|
0-0: Swinging Strike 0-1: Ball 1-1: Ball 2-1: Called Strike 2-2: Ball 3-2: Fly out, F8 (Flyball, 8RM, EV 82.5 MPH)
|
|
Batting: RHB Alex Peguero
|
0-0: Called Strike 0-1: Ball 1-1: Foul Ball, location: 2F 1-2: Strikes out swinging
|
| Top of the 3rd over - 3 runs, 2 hits, 0 errors, 0 left on base; San Francisco (APP) 4 - Grand Junction 3 |
| BOTTOM OF THE 3RD |
|
Grand Junction Rockies batting - Pitching for San Francisco (APP) Giants : RHP Conrad van Gemert
|
|
Batting: RHB Dan Hoffman
|
0-0: Ball 1-0: Ground out 5-3 (Groundball, 56, EV 88.8 MPH)
|
|
Batting: LHB Tom Bemis
|
0-0: Called Strike 0-1: Ball 1-1: Foul Ball, location: 2F 1-2: Ground out 4-3 (Groundball, 4, EV 83.1 MPH)
|
|
Batting: RHB Ryan Ward
|
0-0: Ball 1-0: SINGLE (Groundball, 6MD, EV 104.4 MPH)
|
|
Batting: LHB Georges Lambert
|
0-0: Ground out 4-3 (Groundball, 34, EV 102.5 MPH)
|
| Bottom of the 3rd over - 0 runs, 1 hit, 0 errors, 1 left on base; San Francisco (APP) 4 - Grand Junction 3 |
| TOP OF THE 4TH |
|
San Francisco (APP) Giants batting - Pitching for Grand Junction Rockies : LHP Juan Rivera
|
|
Batting: RHB Noe Oliva
|
0-0: Called Strike 0-1: SOLO HOME RUN (Flyball, 78XD, EV 107.5 MPH), Distance : 431 ft
|
|
Pitching: RHP Julio Marquez
|
|
|
Batting: RHB Jonathan Hemsley
|
0-0: Ball 1-0: Foul Ball, location: 2F 1-1: Ground out 5-3 (Groundball, 56, EV 88.8 MPH)
|
|
Batting: RHB Vinny Torres
|
0-0: Called Strike 0-1: Foul Ball, location: 2F 0-2: Foul Ball, location: 2F 0-2: Ball 1-2: Fly out, F8 (Flyball, 8RD, EV 91.9 MPH)
|
|
Batting: RHB Coen Dirks
|
0-0: Ball 1-0: Ball 2-0: Ball 3-0: Called Strike 3-1: Base on Balls
|
|
Batting: RHB Tsugio Yamaguchi
|
0-0: Fielders Choice at 2nd, 6-4 (Groundball, 6, EV 105.0 MPH)
|
| Top of the 4th over - 1 run, 1 hit, 0 errors, 1 left on base; San Francisco (APP) 5 - Grand Junction 3 |
| BOTTOM OF THE 4TH |
|
Grand Junction Rockies batting - Pitching for San Francisco (APP) Giants : RHP Conrad van Gemert
|
|
Batting: RHB Edwin Bejarano
|
0-0: Ball 1-0: Ball 2-0: Ball 3-0: Base on Balls
|
|
Batting: SHB Oscar Barahona
|
0-0: Ball 1-0: Ball 2-0: Called Strike 2-1: DOUBLE (Line Drive, 89M, EV 93.8 MPH) Edwin Bejarano to third
|
|
Batting: RHB Tom Gentry
|
0-0: Ball 1-0: Swinging Strike 1-1: Ball 2-1: Swinging Strike 2-2: Ground out 5-3 (Groundball, 5, EV 83.8 MPH)
|
|
Batting: RHB Gashie Chimsima
|
0-0: SINGLE (Line Drive, 6MD, EV 101.9 MPH) Edwin Bejarano scores Oscar Barahona to third
|
|
Batting: SHB Justin Jackson
|
0-0: Foul Ball, location: 2F 0-1: Foul Ball, location: 2F 0-2: Ball 1-2: Ball 2-2: Foul Ball, location: 2F 2-2: Ball 3-2: Foul Ball, location: 2F 3-2: Grounds into double play, 4-6-3 (Groundball, 34, EV 88.1 MPH)
|
| Bottom of the 4th over - 1 run, 2 hits, 0 errors, 1 left on base; San Francisco (APP) 5 - Grand Junction 4 |
| TOP OF THE 5TH |
|
San Francisco (APP) Giants batting - Pitching for Grand Junction Rockies : RHP Julio Marquez
|
|
Batting: RHB Zach Maguire
|
0-0: Fly out, F3 (Popup, 34, EV 73.1 MPH)
|
|
Batting: RHB Jaime Rios
|
0-0: Ball 1-0: Ball 2-0: Called Strike 2-1: Called Strike 2-2: Ball 3-2: Foul Ball, location: 2F 3-2: Base on Balls
|
|
Batting: LHB Dennis Jones
|
0-0: Fly out, F3 (Line Drive, 34, EV 64.4 MPH) Lined into DP, U3 (Line Drive, 34, EV 66.2 MPH)
|
| Top of the 5th over - 0 runs, 0 hits, 0 errors, 0 left on base; San Francisco (APP) 5 - Grand Junction 4 |
| BOTTOM OF THE 5TH |
|
Grand Junction Rockies batting - Pitching for San Francisco (APP) Giants : RHP Conrad van Gemert
|
|
Batting: RHB Dan Hoffman
|
0-0: Fly out, F7 (Flyball, 7LSF, EV 95.0 MPH)
|
|
Batting: LHB Tom Bemis
|
0-0: Ball 1-0: Swinging Strike 1-1: Ball 2-1: Fly out, F7 (Flyball, 8LM, EV 86.9 MPH)
|
|
Pitching: LHP Justin Tidwell
|
|
|
Batting: RHB Ryan Ward
|
0-0: Called Strike 0-1: Ball 1-1: SINGLE (Line Drive, 4D, EV 103.8 MPH)
|
|
Batting: LHB Georges Lambert
|
0-0: Foul Ball, location: 2F 0-1: Fly out, F9 (Flyball, 9D, EV 89.4 MPH)
|
| Bottom of the 5th over - 0 runs, 1 hit, 0 errors, 1 left on base; San Francisco (APP) 5 - Grand Junction 4 |
| TOP OF THE 6TH |
|
San Francisco (APP) Giants batting - Pitching for Grand Junction Rockies : RHP Julio Marquez
|
|
Batting: RHB Alex Peguero
|
0-0: Ball 1-0: Ball 2-0: Ball 3-0: Base on Balls
|
|
Batting: RHB Noe Oliva
|
0-0: 2-RUN HOME RUN (Flyball, 78XD, EV 106.9 MPH), Distance : 420 ft
|
|
Batting: RHB Jonathan Hemsley
|
0-0: Called Strike 0-1: Foul Ball, location: 2F 0-2: Hit by Pitch
|
|
Batting: RHB Vinny Torres
|
0-0: Ball 1-0: Foul Ball, location: 2F 1-1: Ball 2-1: Ball 3-1: Swinging Strike 3-2: Grounds into double play, 6-4-3 (Groundball, 6, EV 95.0 MPH)
|
|
Batting: RHB Coen Dirks
|
0-0: Foul Ball, location: 2F 0-1: Foul Ball, location: 2F 0-2: Ball 1-2: Ball 2-2: Ground out 5-3 (Groundball, 56S, EV 80.0 MPH)
|
| Top of the 6th over - 2 runs, 1 hit, 0 errors, 0 left on base; San Francisco (APP) 7 - Grand Junction 4 |
| BOTTOM OF THE 6TH |
|
Grand Junction Rockies batting - Pitching for San Francisco (APP) Giants : LHP Justin Tidwell
|
|
Batting: RHB Edwin Bejarano
|
0-0: Ball 1-0: Called Strike 1-1: Ball 2-1: Ball 3-1: SOLO HOME RUN (Line Drive, 7LD, EV 95.0 MPH), Distance : 353 ft
|
|
Batting: SHB Oscar Barahona
|
0-0: Ball 1-0: Called Strike 1-1: Ball 2-1: Ball 3-1: Called Strike 3-2: Foul Ball, location: 2F 3-2: Fly out, F5 (Popup, 5SF, EV 75.6 MPH)
|
|
Batting: RHB Tom Gentry
|
0-0: Called Strike 0-1: Ball 1-1: Ground out 6-3 (Groundball, 56, EV 91.9 MPH)
|
|
Batting: RHB Gashie Chimsima
|
0-0: Called Strike 0-1: Swinging Strike 0-2: Ball 1-2: Strikes out swinging
|
| Bottom of the 6th over - 1 run, 1 hit, 0 errors, 0 left on base; San Francisco (APP) 7 - Grand Junction 5 |
| TOP OF THE 7TH |
|
San Francisco (APP) Giants batting - Pitching for Grand Junction Rockies : RHP Julio Marquez
|
|
Batting: RHB Tsugio Yamaguchi
|
0-0: Called Strike 0-1: Ball 1-1: Fly out, F8 (Flyball, 8RM, EV 95.0 MPH)
|
|
Batting: RHB Zach Maguire
|
0-0: Called Strike 0-1: Ball 1-1: Foul Ball, location: 2F 1-2: Ball 2-2: SOLO HOME RUN (Line Drive, 9D, EV 108.1 MPH), Distance : 402 ft
|
|
Pitching: RHP Alex Covarrubias
|
|
|
Batting: RHB Jaime Rios
|
0-0: Called Strike 0-1: Ball 1-1: Ground out 5-3 (Groundball, 56S, EV 86.2 MPH)
|
|
Batting: LHB Dennis Jones
|
0-0: Foul Ball, location: 2F 0-1: Ball 1-1: Ball 2-1: Called Strike 2-2: Ball 3-2: Base on Balls
|
|
Batting: RHB Alex Peguero
|
0-0: DOUBLE (Line Drive, 7LM, EV 93.8 MPH) Dennis Jones to third
|
|
Batting: RHB Noe Oliva
|
0-0: Ball 1-0: Ball 2-0: Ground out 6-3 (Groundball, 6, EV 83.8 MPH)
|
| Top of the 7th over - 1 run, 2 hits, 0 errors, 2 left on base; San Francisco (APP) 8 - Grand Junction 5 |
| BOTTOM OF THE 7TH |
|
Grand Junction Rockies batting - Pitching for San Francisco (APP) Giants : LHP Justin Tidwell
|
|
Batting: SHB Justin Jackson
|
0-0: SINGLE (Line Drive, 78M, EV 87.5 MPH)
|
|
Batting: RHB Dan Hoffman
|
0-0: Ball 1-0: Foul Ball, location: 2F 1-1: Foul Ball, location: 2F 1-2: Fly out, F5 (Line Drive, 56D, EV 73.8 MPH)
|
|
Batting: LHB Tom Bemis
|
0-0: Called Strike 0-1: Foul Ball, location: 2F 0-2: Foul Ball, location: 2F 0-2: Ball 1-2: Fly out, F8 (Flyball, 8RM, EV 82.5 MPH)
|
|
Pitching: RHP François Leclerc
|
|
|
Batting: RHB Ryan Ward
|
0-0: Ball 1-0: Called Strike 1-1: Ball 2-1: Ball 3-1: Called Strike 3-2: Foul Ball, location: 2F 3-2: Fly out, F8 (Flyball, 8LXD, EV 85.0 MPH)
|
| Bottom of the 7th over - 0 runs, 1 hit, 0 errors, 1 left on base; San Francisco (APP) 8 - Grand Junction 5 |
| TOP OF THE 8TH |
|
San Francisco (APP) Giants batting - Pitching for Grand Junction Rockies : RHP Alex Covarrubias
|
|
Pinch Hitting: LHB Eddie Lemus
|
0-0: Ball 1-0: Foul Ball, location: 2F 1-1: Called Strike 1-2: Foul Ball, location: 2F 1-2: Strikes out swinging
|
|
Batting: RHB Vinny Torres
|
0-0: Ball 1-0: Called Strike 1-1: Called Strike 1-2: Ball 2-2: Ball 3-2: Foul Ball, location: 2F 3-2: Foul Ball, location: 2F 3-2: Ground out 4-3 (Groundball, 4M, EV 100.0 MPH)
|
|
Batting: RHB Coen Dirks
|
0-0: Called Strike 0-1: Ball 1-1: Called Strike 1-2: Ground out 4-3 (Groundball, 34, EV 96.9 MPH)
|
| Top of the 8th over - 0 runs, 0 hits, 0 errors, 0 left on base; San Francisco (APP) 8 - Grand Junction 5 |
| BOTTOM OF THE 8TH |
|
Grand Junction Rockies batting - Pitching for San Francisco (APP) Giants : RHP François Leclerc
|
|
Now in RF: Ricky Aguilar
|
|
|
Batting: LHB Georges Lambert
|
0-0: Called Strike 0-1: Ball 1-1: Reached on error, E5 (Groundball, 56, EV 102.5 MPH)
|
|
Batting: RHB Edwin Bejarano
|
0-0: Ball Wild Pitch! Georges Lambert to third 1-0: Foul Ball, location: 2F 1-1: Ball 2-1: Called Strike 2-2: Strikes out swinging
|
|
Batting: SHB Oscar Barahona
|
0-0: Ball 1-0: Ground out 4-3 (Groundball, 4, EV 82.5 MPH) Georges Lambert scores
|
|
Pinch Hitting: SHB Joan Coucieiro
|
0-0: Called Strike 0-1: Swinging Strike 0-2: Strikes out swinging
|
| Bottom of the 8th over - 1 run, 0 hits, 1 error, 0 left on base; San Francisco (APP) 8 - Grand Junction 6 |
| TOP OF THE 9TH |
|
San Francisco (APP) Giants batting - Pitching for Grand Junction Rockies : RHP Alex Covarrubias
|
|
Pitching: RHP Jim Crooks
|
|
|
Now in LF: J.D. Newman
|
|
|
Now in CF: Oscar Barahona
|
|
|
Batting: RHB Tsugio Yamaguchi
|
0-0: Swinging Strike 0-1: Ball 1-1: Ground out 6-3 (Groundball, 6, EV 83.1 MPH)
|
|
Batting: RHB Zach Maguire
|
0-0: Foul Ball, location: 2F 0-1: Ball 1-1: SOLO HOME RUN (Flyball, 89XD, EV 115.0 MPH), Distance : 442 ft
|
|
Batting: RHB Jaime Rios
|
0-0: Called Strike 0-1: Foul Ball, location: 2F 0-2: Strikes out swinging
|
|
Batting: LHB Dennis Jones
|
0-0: Ball 1-0: Ball 2-0: Called Strike 2-1: Foul Ball, location: 2F 2-2: Strikes out swinging, 2-3 out at first.
|
| Top of the 9th over - 1 run, 1 hit, 0 errors, 0 left on base; San Francisco (APP) 9 - Grand Junction 6 |
| BOTTOM OF THE 9TH |
|
Grand Junction Rockies batting - Pitching for San Francisco (APP) Giants : RHP François Leclerc
|
|
Pitching: RHP Corey Foster
|
|
|
Batting: RHB Gashie Chimsima
|
0-0: Ball 1-0: Ball 2-0: Fly out, F9 (Line Drive, 9, EV 93.1 MPH)
|
|
Batting: SHB Justin Jackson
|
0-0: Ball 1-0: Foul Ball, location: 2F 1-1: Ground out 5-3 (Groundball, 56, EV 105.0 MPH)
|
|
Batting: RHB Dan Hoffman
|
0-0: Foul Ball, location: 2F 0-1: Fly out, F8 (Flyball, 8LM, EV 78.1 MPH)
|
| Bottom of the 9th over - 0 runs, 0 hits, 0 errors, 0 left on base; San Francisco (APP) 9 - Grand Junction 6 |
|